 Dungeon Crawl Stone Soup version 0.31-a0-803-g95b03c3367 (webtiles) character file.

Game seed: 18154723180990523140

3312 Bakker the Cudgeller (level 9, -7/87 HPs)
             Began as a Troll Fighter on Sept 20, 2023.
             Mangled by a troll (15 damage)
             ... on level 1 of the Orcish Mines.
             The game lasted 00:47:41 (7419 turns).

Bakker the Cudgeller (Troll Fighter)                Turns: 7419, Time: 00:47:47

Health: -7/87      AC:  6    Str: 37    XL:     9   Next: 70%
Magic:  8/8        EV: 10    Int:  4    God:
Gold:   370        SH: 10    Dex: 11    Spells: 8/8 levels left

rFire   + . .        p - +11 mace of the Arena {venom, +Blink Fly Str+3}
rCold   + . .        b - +1 kite shield
rNeg    . . .        i - +2 robe {rC+}
rPois   .            j - +0 hat
rElec   .            (no cloak)
rCorr   .            (gloves unavailable)
SInv    .            (boots unavailable)
Will    .....        e - amulet of the Villain {rF+ Regen+}
Stlth   ++           m - +6 ring of strength
HPRegen 1.94/turn    (no ring)
MPRegen 0.11/turn

%: no passive effects
@: flying
A: large, unfitting armour, claws 3, regeneration 1, shaggy fur 1, tough skin 1
a: Evoke Blink


You were on level 1 of the Orcish Mines.
You visited 3 branches of the dungeon, and saw 11 of its levels.

You collected 370 gold pieces.

Inventory:

Hand Weapons
 p - the +11 mace of the Arena (weapon) {venom, +Blink Fly Str+3}
   (You found it on level 2 of the Dungeon)

   Str+3:     It affects your strength (+3).
   Fly:       It grants you flight.
   +Blink:    It lets you blink.
Armour
 a - a scarf of invisibility
 b - a +1 kite shield (worn)
 i - a +2 robe of cold resistance (worn)
 j - a +0 hat (worn)
 y - a +0 troll leather armour
Magical Staves
 l - a staff of death
Jewellery
 e - the amulet of the Villain (around neck) {rF+ Regen+}
   (You acquired it on level 4 of the Dungeon)

   [amulet of regeneration]

   rF+:       It protects you from fire.
   Regen+:    It increases your rate of health regeneration.
 m - a +6 ring of strength (left claw)
 n - a ring of wizardry
 q - a +6 ring of intelligence
 u - a ring of resist corrosion
Wands
 t - a wand of polymorph (6)
Scrolls
 d - 3 scrolls of silence
 r - 4 scrolls of noise
 v - 2 scrolls of immolation
 w - 2 scrolls of identify
 B - a scroll of vulnerability {unknown}
 C - 2 scrolls of teleportation
 D - a scroll of fear {unknown}
 E - a scroll of blinking {unknown}
Potions
 c - 3 potions of might
 f - 2 potions of haste
 g - a potion of cancellation
 h - 2 potions of brilliance
 k - a potion of mutation {unknown}
 o - a potion of heal wounds
 s - a potion of berserk rage {unknown}
 x - 3 potions of degeneration {unknown}
 z - 4 potions of curing


   Skills:
 + Level 4.9 Fighting
 + Level 7.0 Maces & Flails
 + Level 5.9 Dodging
 + Level 2.0 Stealth
 + Level 6.2 Shields
 + Level 3.4 Unarmed Combat
 + Level 0.5 Evocations


You had 8 spell levels left.
You didn't know any spells.
Your spell library contained the following spells:

 Spells                   Type           Power      Damage    Failure   Level
 Apportation              Tloc           0%         N/A       65%         1
 Necrotise                Necr           0%         1d4       65%         1
 Summon Small Mammal      Summ           0%         N/A       65%         1
 Jinxbite                 Hex            0%         N/A       80%         2
 Poisonous Vapours        Pois/Air       0%         N/A       80%         2
 Sublimation of Blood     Necr           0%         N/A       80%         2
 Wereblood                Tmut           0%         N/A       80%         2
 Mephitic Cloud           Conj/Pois/Air  0%         N/A       95%         3
 Alistair's Intoxication  Tmut/Pois      0%         N/A       100%        5
 Freezing Cloud           Conj/Ice/Air   0%         6-21      100%        5
 Summon Hydra             Summ           0%         N/A       100%        7


Dungeon Overview and Level Annotations

Branches:
Dungeon (9/15)             Temple (1/1) D:6             Orc (1/2) D:9
   Lair: D:8-11

Altars:
Ashenzari
Cheibriados
Dithmenos
Elyvilon
Fedhas
Gozag
Hepliaklqana
Kikubaaqudgha
Makhleb
Nemelex Xobeh
Okawaru
Qazlal
Ru
Sif Muna
Trog
Uskayaw
Vehumet
Wu Jian
Xom
Yredelemnul
Zin
The Shining One
Lugonu

Portals:
Abyss: D:8


Innate Abilities, Weirdness & Mutations

You are too large for most types of armour.
You have claws for hands.
Your natural rate of healing is unusually fast.
You are covered in fur. (AC +1)
You have tough skin. (AC +1)


Message History

The orc hits you with a +0 club.
Things that are here:
a +0 halberd; a gnoll corpse The gnoll hits you with a +0 club.
You block the troll's attack. The troll claws you but does no damage.
The troll barely misses you. The gnoll barely misses you.
The orc warrior throws a boomerang.
The boomerang hits you! The gnoll hits you with a +0 club.
The troll attacks as it pursues you! The troll bites you.
You block the troll's attack. The troll claws you.
The gnoll attacks as it pursues you! The gnoll closely misses you.
The orc warrior throws a boomerang.
The boomerang hits you!
* * * LOW HITPOINT WARNING * * *
Found 23 gold pieces.
The troll attacks as it pursues you! You block the troll's attack.
The troll barely misses you. x2
The gnoll attacks as it pursues you! The gnoll barely misses you.
The troll misses you. You block the troll's attack. The troll claws you!
The orc priest invokes the aid of Beogh against you.
Beogh smites you!
* * * LOW HITPOINT WARNING * * *
You hit the gnoll.
The gnoll is poisoned.
The gnoll is lightly wounded.
The gnoll barely misses you. You block the gnoll's attack.
The gnoll hits you but does no damage. You block the orc's attack.
You closely miss the gnoll.
The gnoll is lightly wounded.
The gnoll hits you but does no damage. You block the gnoll's attack. x2
You closely miss the gnoll.
The gnoll is lightly wounded.
The orc priest looks more healthy.
The orc priest begins to cast a cantrip, but forgets the words!
The gnoll hits you but does no damage. The gnoll hits you with a +0 club.
* * * LOW HITPOINT WARNING * * *
You bludgeon the gnoll!!
You kill the gnoll!
The troll bites you!
* * * LOW HITPOINT WARNING * * *
You block the troll's attack. The troll misses you.
The gnoll barely misses you. The troll bites you!
You die...

.#.##.#........><....#
##....................##
#$.........##..........#
...#....## ###..)......
#......###.#..)......
#.....##......#.....
##o..............$.
#Togoo.............
##@###.###.#.#.#..# ###
### ##########


You could see a troll, an orc warrior, an orc priest, a gnoll and 2 orcs.

Vanquished Creatures
  A troll (D:9)
  A wyvern (D:9)
  A wraith (D:7)
  2 steam dragons
  Duvessa (D:5)
  A water moccasin (D:8)
  A sky beast (D:7)
  A black bear (D:5)
  2 ogres
  An orc warrior (D:7)
  A centaur (D:7)
  3 phantoms
  2 bullfrogs (D:8)
  A scorpion (D:5)
  7 wights
  Dowan (D:5)
  2 hounds (D:7)
  9 orc priests
  A jelly (D:6)
  A sleepcap (D:7)
  2 iguanas
  6 orc wizards
  Terence (D:2)
  15 gnolls
  8 adders
  A white imp (D:8)
  3 ufetubi
  4 worms
  A dart slug (D:4)
  34 orcs
  2 bats
  2 endoplasms (D:2)
  7 giant cockroaches
  8 goblins
  4 hobgoblins
  14 jackals
  2 quokkas
  4 ball pythons
  3 frilled lizards
  A kobold (D:4)
  4 rats
166 creatures vanquished.

Vanquished Creatures (others)
  A scorpion (D:5)
  2 lurking horrors (D:8)
3 creatures vanquished.

Grand Total: 169 creatures vanquished

Notes
Turn   | Place    | Note
-------+----------+-------------------------------------------
     0 | D:1      | Bakker the Troll Fighter began the quest for the Orb.
     0 | D:1      | Reached XP level 1. HP: 22/22 MP: 0/0
    85 | D:1      | Found a faded altar of an unknown god.
   242 | D:1      | Reached XP level 2. HP: 29/29 MP: 1/1
  1175 | D:2      | Reached XP level 3. HP: 36/36 MP: 2/2
  1260 | D:2      | Noticed Terence
  1282 | D:2      | Killed Terence
  1283 | D:2      | Reached XP level 4. HP: 42/44 MP: 3/3
  1464 | D:2      | Identified the +1 robe of the Stone Wall {rC++ SInv}
  1811 | D:2      | Identified the +11 mace of the Arena {venom, +Blink Fly
                  | Str+3}
  2344 | D:3      | Reached XP level 5. HP: 24/52 MP: 4/4
  3167 | D:4      | Identified a scroll of acquirement
  3167 | D:4      | Acquired the amulet of the Villain {rF+ Regen+}
  3201 | D:4      | Reached skill level 1 in Maces & Flails
  3306 | D:4      | Noticed a phantom
  3311 | D:4      | Killed a phantom
  3312 | D:4      | Reached XP level 6. HP: 61/61 MP: 5/5
  3424 | D:4      | Reached skill level 2 in Maces & Flails
  3981 | D:5      | Entered Level 5 of the Dungeon
  3990 | D:5      | Reached XP level 7. HP: 67/67 MP: 6/6
  4057 | D:5      | Noticed Dowan
  4058 | D:5      | Noticed Duvessa
  4069 | D:5      | Killed Duvessa
  4070 | D:5      | Reached skill level 3 in Maces & Flails
  4077 | D:5      | Killed Dowan
  4108 | D:5      | Reached skill level 1 in Stealth
  4306 | D:5      | Identified the +2 dagger of Inquiry {spect, *Noise rCorr
                  | Str+6}
  4322 | D:5      | Reached skill level 4 in Maces & Flails
  4322 | D:5      | Reached XP level 8. HP: 78/78 MP: 7/7
  4798 | D:6      | Found a staircase to the Ecumenical Temple.
  4859 | Temple   | Entered the Ecumenical Temple
  5093 | D:7      | Reached skill level 5 in Shields
  5098 | D:7      | Reached skill level 5 in Maces & Flails
  5177 | D:7      | Reached skill level 5 in Dodging
  5459 | D:7      | Reached XP level 9. HP: 60/85 MP: 8/8
  5809 | D:7      | Reached skill level 6 in Maces & Flails
  6257 | D:8      | Found a one-way gate to the infinite horrors of the Abyss.
  6257 | D:8      | Found a corrupted altar of Lugonu.
  7176 | D:8      | Found a broken altar of Ashenzari.
  7176 | D:8      | Found a blossoming altar of Fedhas.
  7319 | D:9      | Noticed a troll
  7335 | D:9      | Killed a troll
  7336 | D:9      | Reached skill level 7 in Maces & Flails
  7336 | D:9      | Found a staircase to the Orcish Mines.
  7390 | Orc:1    | Entered Level 1 of the Orcish Mines
  7396 | Orc:1    | Noticed a troll
  7419 | Orc:1    | Mangled by a troll

Illustrated notes

Levels and vault maps discovered:
D:1:      eino_arrival_water_cross, layout_basic,
          shapermc_ecumenical_altar_pompeii, kennysheep_another_room
D:2:      layout_loops_ring, chequers_serial_rivers_small_a, uniq_terence
D:3:      layout_loops_corners
D:4:      layout_loops_ring
D:5:      layout_rooms, uniq_duvessa
D:6:      layout_basic, minmay_temple_entry_statues_fountains, uniq_jeremiah
D:7:      layout_loops_ring
D:8:      layout_layer_cave, gammafunk_temple_overflow_pools, enter_bailey_3,
          amcnicky_altar_lugonu_corruption
D:9:      layout_cave_pools, orc_0_dummy, minmay_fire_ice_demons
Temple:   nicolae_temple_bog_church
Orc:1:    layout_caves

Skill      XL: |  1  2  3  4  5  6  7  8  9 |
---------------+----------------------------+-----
Shields        | 3 4 5 6 |  6.2
Dodging        | 3 4 5 |  5.9
Unarmed Combat | 3 |  3.4
Fighting       | 3 4 |  4.9
Maces & Flails | 1 2 4 5 7 |  7.0
Stealth        | 1 2 |  2.0
Evocations     | |  0.5

Action                     |  1- 3 |  4- 6 |  7- 9 || total
---------------------------+-------+-------+-------++-------
  Melee: Unarmed           |    65 |    21 |       ||    86
         Mace              |       |    94 |   208 ||   302
Ability: Evoke Blink       |       |       |     1 ||     1
    Use: Scroll            |       |     7 |    11 ||    18
         Potion            |       |       |     3 ||     3
   Stab: Invisible         |       |       |     2 ||     2
 Armour: Robe              |    34 |    82 |   251 ||   367
  Dodge: Dodged            |    28 |    38 |   129 ||   195
  Block: Kite shield       |    32 |    58 |   168 ||   258

Table legend: (Time is in decaauts)
 A = Elapsed time spent in this place.
 B = Non-inter-level travel time spent in this place.
 C = Inter-level travel time spent in this place.
 D = Time resting spent in this place.
 E = Time spent auto-exploring this place.
 F = Levels seen in this place.
 G = Mean time per level.
                   A        B        C        D        E       F      G
               +--------+--------+--------+--------+--------+-----+--------+
         Total |   7511 |   7511 |      0 |     64 |     75 |  11 |  682.8 |
       Dungeon |   7436 |   7436 |      0 |     64 |     75 |   9 |  826.2 |
        Temple |     45 |     45 |      0 |      0 |      0 |   1 |   45.0 |
  Orcish Mines |     29 |     29 |      0 |      0 |      0 |   1 |   29.0 |
               +--------+--------+--------+--------+--------+-----+--------+

Top non-repeatable levels by time:
     D:3: 1241 daAuts
     D:1: 1173 daAuts
     D:7: 1121 daAuts
     D:8: 1100 daAuts
     D:4: 834 daAuts
     D:5: 778 daAuts
     D:2: 775 daAuts
     D:6: 242 daAuts
     D:9: 168 daAuts
  Temple: 45 daAuts
   Orc:1: 29 daAuts
